 Dungeon Crawl Stone Soup version 0.17-a0-105-g8f3376a (webtiles) character file.

217 Rotinaj the Magician (level 5, 0/28 HPs)
             Began as a Deep Elf Air Elementalist on Mar 17, 2015.
             Was an Initiate of Ru.
             Slain by a hobgoblin (2 damage)
             ... led by Robin
             ... on level 4 of the Dungeon on Mar 18, 2015.
             The game lasted 00:26:35 (4291 turns).

Rotinaj the Magician (Deep Elf Air Elementalist)    Turns: 4291, Time: 00:26:35

Health: 0/28       AC:  3    Str:  5    XL:     5   Next: 62%
Magic:  9/19       EV: 13    Int: 20    God:    Ru [......]
Gold:   133        SH:  0    Dex: 16    Spells: 4 memorised, 5 levels left

rFire  . . .     SeeInvis .     e - +0 dagger
rCold  . . .     Clarity  .     a - +0 robe
rNeg   . . .     SustAb   .     (no shield)
rPois  .         Gourm    .     (no helmet)
rElec  .         Spirit   .     k - +0 cloak
rCorr  .         Warding  .     (no gloves)
rMut   .         Stasis   .     (no boots)
MR     .....                    (no amulet)
Stlth  ++........               (no ring)
                                (no ring)

@: not resistant to hostile enchantments, unstealthy
A: no striking features
a: Renounce Religion


You were on level 4 of the Dungeon.
You worshipped Ru.
Ru was noncommittal.
You were not hungry.

You visited 1 branch of the dungeon, and saw 4 of its levels.

You collected 133 gold pieces.

Inventory:

Hand weapons
 e - a +0 dagger (weapon)
Armour
 a - a +0 robe (worn)
 k - a +0 cloak (worn)
Jewellery
 l - an uncursed ring of protection from fire {unknown}
 n - an uncursed ring of stealth {unknown}
 p - an uncursed ring of protection from fire {unknown}
Potions
 c - 2 potions of magic
 f - 2 potions of lignification
 g - 2 potions of cancellation {unknown}
 j - a potion of cure mutation {unknown}
 m - 2 potions of haste {unknown}
 o - a potion of poison {unknown}
 q - a potion of restore abilities {unknown}
Books
 b - a book of Air

   Spells                             Type                      Level
   a - Shock                          Conjuration/Air              1
   b - Swiftness                      Charms/Air                   2
   c - Repel Missiles                 Charms/Air                   2
   d - Flight                         Charms/Air                   3
   e - Static Discharge               Conjuration/Air              3
   f - Lightning Bolt                 Conjuration/Air              5
 s - a book of Unlife

   Spells                             Type                      Level
   a - Recall                         Summoning/Translocation      3
   b - Animate Dead                   Necromancy                   4
   c - Control Undead                 Necromancy                   4
   d - Cigotuvi's Embrace             Necromancy                   5
   e - Death Channel                  Necromancy                   6
   f - Simulacrum                     Ice/Necromancy               6
Comestibles
 d - 3 meat rations
 h - 2 beef jerkies


   Skills:
 + Level 0.1 Fighting
 + Level 0.6 Short Blades
 + Level 3.1 Dodging
 + Level 3.1 Stealth
 + Level 5.0 Spellcasting
 + Level 2.4 Conjurations
 + Level 0.4 Charms
 + Level 4.3 Air Magic


You had 5 spell levels left.
You knew the following spells:

 Your Spells              Type           Power        Failure   Level  Hunger
a - Shock                 Conj/Air       ###.         2%          1    None
b - Swiftness             Chrm/Air       ##......     10%         2    None
c - Flight                Chrm/Air       ##........   14%         3    ##.....
d - Static Discharge      Conj/Air       ###.....     10%         3    ##.....


Dungeon Overview and Level Annotations

Branches:
Dungeon (4/15)
 Temple: D:4-7

Altars:
Dithmenos
Kikubaaqudgha
Ru
Sif Muna

Portals:
Abyss: D:1***


Message History

Robin is almost dead.
The lightning arcs!
You are struck by lightning.
* * * LOW HITPOINT WARNING * * *
The lightning grounds out.
The goblin shouts!
Robin barely misses you.
Casting: Static Discharge
Confirm with . or Enter, or press ? or * to list all spells.
Robin is struck by lightning.
You kill Robin!
Your Dodging skill increases to level 3!
The lightning arcs!
You are struck by lightning.
* * * LOW HITPOINT WARNING * * *
The lightning grounds out.
Read which item? (? for menu, Esc to quit)
Identify which item? (\ to view known items) (? for menu, Esc to quit)
As you read the scroll of identify, it crumbles to dust.
f - 2 potions of lignification The hobgoblin hits you.
You die...

...≈#.# ###_.'.⌠.'._#
8..≈######.##.#...#.###
....'.......####'####(##
...≈#......##
#...##g÷)## .
..≈≈#####..#
##.##.g)..## ... .≈≈##
#..## #.#.g.##..##.o....
≈≈### ##..#
#..g.####.g....o.#
###.#### #..# #.g.##
##g.g..o.#
.......###..## #@.##
).##...
####.........###).# ..#
.. ####..........### .##
#####........# ## ♣####
#.........#
.....##.....##.....
.......#.....# ##....
...≈≈≈.......## #..
..≈≈≈≈≈......# #


You could see a hobgoblin (frenzied) and 4 goblins.

Vanquished Creatures
  An iguana (D:4)
  An orc wizard (D:4)
  Robin (D:4)
  3 gnolls (D:3)
  5 adders
  A giant mite (D:1)
  3 orcs (D:4)
  10 bats
  3 giant cockroaches
  10 goblins
  9 hobgoblins
  3 ball pythons
  5 giant newts
  6 kobolds
  6 rats
67 creatures vanquished.

Notes
Turn   | Place    | Note
--------------------------------------------------------------
     0 | D:1      | Rotinaj, the Deep Elf Air Elementalist, began the quest for the Orb.
     0 | D:1      | Reached XP level 1. HP: 10/10 MP: 5/5
   261 | D:1      | Reached XP level 2. HP: 15/15 MP: 1/8
   262 | D:1      | Upgraded the game from 0.17-a0-83-g894156c to 0.17-a0-105-g8f3376a
  1013 | D:1      | Learned a level 2 spell: Swiftness
  1628 | D:2      | Reached XP level 3. HP: 13/19 MP: 2/11
  2175 | D:2      | Reached skill level 4 in Air Magic
  2668 | D:3      | Reached XP level 4. HP: 24/24 MP: 10/14
  3159 | D:3      | Learned a level 3 spell: Flight
  3163 | D:3      | Learned a level 3 spell: Static Discharge
  3304 | D:3      | Found a sacrificial altar of Ru.
  3319 | D:3      | Became a worshipper of Ru the Awakened
  3546 | D:4      | Noticed Robin
  3830 | D:4      | Reached XP level 5. HP: 28/28 MP: 15/18
  4016 | D:4      | Found a deep blue altar of Sif Muna.
  4019 | D:4      | Found an ancient bone altar of Kikubaaqudgha.
  4019 | D:4      | Found a shadowy altar of Dithmenos.
  4066 | D:4      | Reached skill level 5 in Spellcasting
  4290 | D:4      | Killed Robin
  4290 | D:4      | HP: 1/28 [/static electricity (2)]
  4291 | D:4      | Slain by a hobgoblin

Action                   |  1- 3 |  4- 6 || total
-------------------------+-------+-------++-------
Melee: Dagger            |    22 |    10 ||    32
 Cast: Shock             |    65 |    63 ||   128
       Swiftness         |     2 |       ||     2
       Static Discharge  |       |     8 ||     8
  Use: Scroll            |     4 |     4 ||     8
  Eat: Bread ration      |     1 |       ||     1
       Chunk             |     1 |       ||     1
       Meat ration       |       |     1 ||     1
